 Dungeon Crawl Stone Soup version 0.31.0-11-ge490571c62 (webtiles) character file.

Game seed: 15495003284050824277

25 qw the Shooter (level 2, -1/16 HPs)
             Began as a Deep Elf Hunter on Feb 5, 2024.
             Succumbed to their own poison gas
             ... on level 1 of the Dungeon.
             The game lasted 00:00:15 (697 turns).

qw the Shooter (Deep Elf Hunter)                     Turns: 697, Time: 00:00:16

Health: -1/16      AC:  5    Str:  8    XL:     2   Next: 82%
Magic:  4/4        EV: 12    Int: 16    God:
Gold:   44         SH:  0    Dex: 18    Spells: 1/1 levels left

rFire   . . .        a - +0 shortbow
rCold   . . .        (shield currently unavailable)
rNeg    . . .        c - +0 leather armour
rPois   .            f - +1 helmet {Int+3}
rElec   .            (no cloak)
rCorr   .            (no gloves)
SInv    .            (no boots)
Will    .....        (no amulet)
Stlth   ++           (no ring)
HPRegen 0.22/turn    (no ring)
MPRegen 0.09/turn

%: no passive effects
@: lethally poisoned (-1 -> -10)
A: no striking features
a: no special abilities


You were on level 1 of the Dungeon.
You visited 1 branch of the dungeon, and saw 1 of its levels.

You collected 44 gold pieces.


   Skills:
 - Level 1.5 Fighting
 + Level 6.5 Ranged Weapons
 - Level 2.4 Dodging
 - Level 1.2 Stealth


You had one spell level left.
You didn't know any spells.
Your spell library was empty.

Inventory:

Hand Weapons
 a - a +0 shortbow (weapon)
Armour
 c - a +0 leather armour (worn)
 f - a +1 helmet of intelligence (worn)
Potions
 g - a potion of enlightenment
 h - a potion of invisibility {unknown}

Dungeon Overview and Level Annotations

Branches:
Dungeon (1/15)

Altars:

Shops:
D:1 [


Message History

You feel clever.
Done exploring.
690 ||| READING scroll labelled ESOAXA LECO.
As you read the scroll labelled ESOAXA LECO, it crumbles to dust.
You hear a loud clanging noise!
It was a scroll of noise.
Done exploring.
691 ||| READING 3 scrolls labelled YRHIFI ISUOWA.
The air fills with toxic fumes!
As you read the scroll labelled YRHIFI ISUOWA, it crumbles to dust.
It was a scroll of poison.
Done exploring.
692 ||| READING scroll labelled QETTUE XUMI.
As you read the scroll labelled QETTUE XUMI, it crumbles to dust.
It is a scroll of identify.
692 ||| IDENTIFYING coppery potion;
g - a potion of enlightenment Done exploring.
693 ||| DROPPING scroll of butterflies.
You drop a scroll of butterflies.
Done exploring.
694 ||| DROPPING 2 scrolls of poison.
You drop 2 scrolls of poison.
Done exploring.
What level of the Dungeon? (default 1, ? - help) Sorry, I don't know how to get there.
Enter note:
Enter note:
Enter note:
Enter note:
Enter note:
Enter note:
Enter note:
Enter note:
Enter note: You are engulfed in poison gas.
You are poisoned.
Ouch! That really hurt!
You feel very sick.
696 ||| Stepping ~*~*~tactically~*~*~ (cloud).
You feel very sick.
There is a lethal amount of poison in your body!
You die...

##### #############
##...###...........#
................##.#
##...###.######.##.#
##### #%# #.##%# #
#.# #>##.# ## #.#
##.##.# .##### #.#
##..@#?# #..).# #.#
##.###¤¤# .###.#
#.###.## ##¤# ## #.#
#.....# #¤# # #.#
#####.## ##.# #
##.## ##.###.##
###...## ##...##
##.....########...#
................#.#


There were no monsters in sight!

Vanquished Creatures
  4 ball pythons (D:1)
  A bat (D:1)
  2 endoplasms (D:1)
  A giant cockroach (D:1)
  3 goblins (D:1)
  3 hobgoblins (D:1)
  A quokka (D:1)
  A frilled lizard (D:1)
  5 kobolds (D:1)
21 creatures vanquished.

Notes
Turn   | Place    | Note
-------+----------+-------------------------------------------
     0 | D:1      | qw the Deep Elf Hunter began the quest for the Orb.
     0 | D:1      | Reached XP level 1. HP: 12/12 MP: 3/3
     0 | D:1      | 0 ||| qw: Version: 0.3-a-160-g6735b56
     0 | D:1      | 0 ||| qw: Game counter: 6235
     0 | D:1      | 0 ||| qw: Melee chars always use a shield: true
     0 | D:1      | 0 ||| qw: God list: Okawaru
     0 | D:1      | 0 ||| qw: Allow faded altars: false
     0 | D:1      | 0 ||| qw: Do Orc after clearing Dungeon:15 true
     0 | D:1      | 0 ||| qw: Do second Lair branch before Depths: true
     0 | D:1      | 0 ||| qw: Lair rune preference: random
     0 | D:1      | 0 ||| qw: Goals: Normal
     0 | D:1      | 0 ||| PLANNING D:1-11
   206 | D:1      | Reached XP level 2. HP: 16/16 MP: 4/4
   211 | D:1      | Reached skill level 6 in Ranged Weapons
   640 | D:1      | Found Anibeh's Antique Armour Shop.
   647 | D:1      | 647 ||| SHOPLISTING ancient ring mail (234 gold, have 44).
   647 | D:1      | 647 ||| SHOPLISTING cloak (117 gold, have 44).
   647 | D:1      | 647 ||| SHOPLISTING fading robe (148 gold, have 44).
   647 | D:1      | 647 ||| SHOPLISTING pair of boots (117 gold, have 44).
   647 | D:1      | 647 ||| SHOPLISTING scale mail (104 gold, have 44).
   685 | D:1      | 685 ||| UPGRADING to +1 helmet of intelligence.
   690 | D:1      | 690 ||| READING scroll labelled ESOAXA LECO.
   691 | D:1      | 691 ||| READING 3 scrolls labelled YRHIFI ISUOWA.
   692 | D:1      | 692 ||| READING scroll labelled QETTUE XUMI.
   692 | D:1      | 692 ||| IDENTIFYING coppery potion
   693 | D:1      | 693 ||| DROPPING scroll of butterflies.
   694 | D:1      | 694 ||| DROPPING 2 scrolls of poison.
   695 | D:1      | HP: 3/16 [poisoned by you (poison gas)]
   696 | D:1      | 696 ||| Stepping ~*~*~tactically~*~*~ (cloud).
   696 | D:1      | HP: 1/16 [poisoned by you (poison gas)]
   697 | D:1      | Succumbed to their own poison gas

Levels and vault maps discovered:
D:1:      minmay_arrival_open_corners, layout_loops_ring, serial_shops,
          nicolae_shop_just_a_little_nook

Skill      XL: |  1  2 |
---------------+-------+-----
Ranged Weapons | 6 |  6.5
Fighting       | |  1.5
Dodging        | |  2.4
Stealth        | |  1.2

Action                     || total
---------------------------++-------
   Fire: Shortbow          ||    44
    Use: Scroll            ||     3
 Armour: Leather armour    ||    10
  Dodge: Dodged            ||     5

Table legend:
 A = Non-vault XP
 B = Vault XP
 C = Vault XP percentage of total XP
 D = Non-vault monster count
 E = Vault monster count
 F = Vault count percentage of total count
                 A         B        C        D         E       F
            +---------+---------+-------+---------+---------+-------
      Total |      36 |       0 |   0.0 |      21 |       0 |   0.0
            +---------+---------+-------+---------+---------+-------
        D:1 |      36 |       0 |   0.0 |      21 |       0 |   0.0
            +---------+---------+-------+---------+---------+-------
